 Dungeon Crawl Stone Soup version 0.22.1-2-g9c5b331 (webtiles) character file.

123 PaladinM the Slasher (level 5, -4/38 HPs)
             Began as a Human Warper on Dec 31, 2018.
             Slain by a gnoll
             ... wielding a +0 flail
              (12 damage)
             ... on level 3 of the Dungeon.
             The game lasted 00:16:31 (3859 turns).

PaladinM the Slasher (Human Warper)                 Turns: 3859, Time: 00:16:32

Health: -4/38      AC:  3    Str: 11    XL:     5   Next: 29%
Magic:  4/8        EV: 12    Int: 14    God:
Gold:   43         SH:  0    Dex: 13    Spells: 1/8 levels left

rFire    . . .     SeeInvis .   a - +0 falchion
rCold    + + .     Gourm    .   (no shield)
rNeg     . . .     Faith    .   b - +0 leather armour
rPois    .         Spirit   .   h - +0 helmet
rElec    .         Reflect  .   (no cloak)
rCorr    .         Harm     .   p - -2 pair of gloves (curse)
MR       .....                  (no boots)
Stlth    +.........             (no amulet)
HPRegen  0.12/turn              c - ring of protection from cold
MPRegen  0.11/turn              j - ring of protection from cold

@: no status effects
A: no striking features
a: no special abilities


You were on level 3 of the Dungeon.
You were hungry.

You visited 1 branch of the dungeon, and saw 4 of its levels.

You collected 43 gold pieces.

Inventory:

Hand Weapons
 a - a +0 falchion (weapon)
 k - a +2 dagger of flaming
Missiles
 e - 5 tomahawks of dispersal (quivered)
Armour
 b - a +0 leather armour (worn)
 h - a +0 helmet (worn)
 p - a cursed -2 pair of gloves (worn)
Jewellery
 c - a ring of protection from cold (left hand)
 j - a ring of protection from cold (right hand)
Wands
 q - a wand of enslavement (10)
Scrolls
 d - a scroll of blinking
 g - 2 scrolls of teleportation
 l - 2 scrolls of immolation
Potions
 i - a potion of might {unknown}
 m - a potion of mutation {unknown}
 o - 2 potions of haste {unknown}
 r - a potion of brilliance {unknown}
Comestibles
 f - 3 rations


   Skills:
 - Level 2.0 Fighting
 * Level 5.1 Long Blades
 - Level 1.0 Throwing
 - Level 1.0 Armour
 - Level 2.0 Dodging
 - Level 2.0 Spellcasting
 - Level 3.0 Translocations


You had one spell level left.
You knew the following spells:

 Your Spells              Type           Power        Failure   Level  Hunger
a - Shroud of Golubria    Chrm/Tloc      #.........   26%         2    ###....
b - Blink                 Tloc           N/A          14%         2    ###....
c - Gell's Gravitas       Tloc           #.........   26%         3    ####...

Your spell library contained the following spells:

 Spells                   Type           Power        Failure   Level  Hunger
 Lesser Beckoning         Tloc           #.........   26%         3    ####...
 Teleport Other           Tloc           #.......     26%         3    ####...
 Passage of Golubria      Tloc           N/A          65%         4    #####..


Dungeon Overview and Level Annotations

Branches:
Dungeon (4/15)
 Temple: D:4-7

Altars:

Annotations:
D:4 Pikel


Message History

The gnoll closely misses you. The gnoll misses you.
You riposte.
You hit the gnoll but do no damage.
The gnoll is lightly wounded.
You hit the gnoll.
The gnoll is moderately wounded.
The gnoll closely misses you. The gnoll hits you with a flail.
* * * LOW HITPOINT WARNING * * *
Your shroud begins to fray at the edges.
Your magical contamination has completely faded away.
Your shroud unravels.
There is a stone staircase leading down here.
You climb downwards. 2 slaves and Pikel come into view.
Pikel is wielding a whip of flaming.
The slave shouts! x2
There is a stone staircase leading up here.
The slave hits you.
* * * LOW HITPOINT WARNING * * *
You climb upwards.
The gnoll completely misses you. The gnoll hits you with a flail!
You die...

#.#####.#.#####.#
.............##.#
#.#####.#.##.##.#
#.#####.#.......#
........####.#####
.######## #.....#
...# #####.# ...# #p#
...#############@#
.####.....##..gg.####
.# #.<...##.#...†..#
## #.....## #.####.#
#####.....##.#.####.#
#...#.....##......#.#
#.......######.##.#.#
....######## #......#
.#.#.......######g###


You could see a slave and 2 gnolls.

Vanquished Creatures
  4 adders
  2 gnolls (D:3)
  A worm (D:2)
  A dart slug (D:3)
  A ball python (D:3)
  4 giant cockroaches
  5 hobgoblins
  10 jackals
  5 kobolds
  2 quokkas (D:3)
  10 bats
  3 frilled lizards
  11 goblins
  5 rats
64 creatures vanquished.

Vanquished Creatures (others)
  A quokka (D:3)
1 creature vanquished.

Grand Total: 65 creatures vanquished

Notes
Turn   | Place    | Note
-------+----------+-------------------------------------------
     0 | D:1      | PaladinM the Human Warper began the quest for the Orb.
     0 | D:1      | Reached XP level 1. HP: 16/16 MP: 3/3
   226 | D:1      | Reached XP level 2. HP: 11/22 MP: 5/5
   463 | D:1      | Learned a level 2 spell: Shroud of Golubria
   466 | D:1      | Learned a level 2 spell: Blink
   539 | D:1      | Reached skill level 3 in Long Blades
   879 | D:1      | Reached XP level 3. HP: 27/27 MP: 6/6
  1566 | D:3      | Noticed an ice beast
  1614 | D:2      | Reached skill level 4 in Long Blades
  1614 | D:2      | Reached XP level 4. HP: 13/33 MP: 3/7
  2889 | D:3      | Learned a level 3 spell: Gell's Gravitas
  2905 | D:3      | Reached XP level 5. HP: 19/38 MP: 2/8
  3822 | D:3      | Reached skill level 5 in Long Blades
  3857 | D:4      | Noticed Pikel
  3857 | D:4      | Noticed a slave
  3857 | D:4      | Noticed a slave
  3858 | D:4      | Noticed a slave
  3859 | D:3      | Slain by a gnoll

Skill      XL: |  1  2  3  4  5 |
---------------+----------------+-----
Long Blades    | 3 4 5 |  5.1
Fighting       | |  2.0
Throwing       | |  1.0
Armour         | |  1.0
Dodging        | |  2.0
Spellcasting   | |  2.0
Translocations | |  3.0

Action                   |  1- 3 |  4- 6 || total
-------------------------+-------+-------++-------
Melee: Falchion          |    50 |   126 ||   176
       Dagger            |    82 |    28 ||   110
 Cast: Shroud of Golubri |     3 |    11 ||    14
       Blink             |       |     3 ||     3
       Gell's Gravitas   |       |     1 ||     1
  Use: Scroll            |     4 |       ||     4
       Potion            |       |     2 ||     2
  Eat: Chunk             |     2 |     2 ||     4
       Ration            |       |     2 ||     2
Armor: Leather armour    |    41 |    70 ||   111
Dodge: Dodged            |    85 |   141 ||   226
       Rpst.: Falchion   |    11 |    42 ||    53
